 Dungeon Crawl Stone Soup version 0.29.1-15-g9cfb28693d (webtiles) character file.

Game seed: 3751907823551156770

18645 cdecastro the Basher (level 12, -1/111 HPs)
             Began as a Troll Fighter on Mar 31, 2023.
             Was a High Priest of Okawaru.
             Slain by Snorg (13 damage)
             ... on level 13 of the Dungeon.
             The game lasted 00:32:20 (11854 turns).

cdecastro the Basher (Troll Fighter)               Turns: 11854, Time: 00:32:21

Health: -1/111     AC:  8    Str: 27    XL:     12   Next: 29%
Magic:  16/16      EV:  9    Int:  4    God:    Okawaru [*****.]
Gold:   42         SH: 10    Dex: 13    Spells: 11/11 levels left

rFire   . . .      SeeInvis +   P - +11 eveningstar "Rean" {flame, rCorr}
rCold   . . .      Faith    .   b - +0 kite shield
rNeg    . . .      Spirit   .   W - +0 troll leather armour
rPois   .          Reflect  .   S - +0 hat {SInv}
rElec   .          Harm     .   D - +1 cloak {rCorr}
rCorr   +          Rampage  .   (gloves unavailable)
Will    .....                   (boots unavailable)
Stlth   +.........              R - amulet of magic regeneration
HPRegen 1.88/turn               A - +4 ring of slaying
MPRegen 0.55/turn               (no ring)

@: mighty
A: large, unfitting armour, claws 3, regeneration 1, shaggy fur 1, tough skin 1
a: Renounce Religion, Heroism, Finesse, Duel


You were on level 13 of the Dungeon.
You worshipped Okawaru.
Okawaru was extremely pleased with you.
You visited 2 branches of the dungeon, and saw 14 of its levels.
You also visited: Bailey.

You collected 857 gold pieces.
You spent 815 gold pieces at shops.

Inventory:

Hand Weapons
 s - the +10 whip of Distant Shores {vorpal, rElec rPois rC+ Int+2}
   (You found it on level 3 of the Dungeon)

   It inflicts extra damage upon your enemies.
   Int:       It affects your intelligence (+2).
   rC:        It protects you from cold.
   rElec:     It insulates you from electricity.
   rPois:     It protects you from poison.
 y - a +0 giant spiked club
 P - the +11 eveningstar "Rean" (weapon) {flame, rCorr}
   (Okawaru gifted it to you on level 12 of the Dungeon)

   It burns those it strikes, dealing additional fire damage.
   rCorr:     It protects you from acid and corrosion.
Missiles
 q - 5 large rocks
 v - 2 javelins
 B - 23 poisoned darts
 H - 3 boomerangs of dispersal
 O - 6 boomerangs (quivered)
Armour
 b - a +0 kite shield (worn)
 D - a +1 cloak of preservation (worn)
 N - a +2 tower shield of protection
 S - a +0 hat of see invisible (worn)
 W - a +0 troll leather armour (worn)
 X - a scarf of invisibility
Jewellery
 A - a +4 ring of slaying (left claw)
 R - an amulet of magic regeneration (around neck)
Wands
 k - a wand of acid (15)
 m - a wand of digging (7)
 F - a wand of mindburst (4)
 G - a wand of iceblast (11)
 I - a wand of polymorph (7)
 Q - a wand of flame (9)
Scrolls
 h - 2 scrolls of vulnerability {unknown}
 i - 2 scrolls of summoning {unknown}
 j - 3 scrolls of fear {unknown}
 l - 2 scrolls of enchant armour {unknown}
 o - 3 scrolls of torment {unknown}
 p - 4 scrolls of butterflies {unknown}
 u - 2 scrolls of brand weapon {unknown}
 x - 3 scrolls of blinking {unknown}
 C - 3 scrolls of teleportation
 M - 3 scrolls of acquirement {unknown}
 U - a scroll of immolation
 V - a scroll of magic mapping
 Y - 3 scrolls of silence {unknown}
 Z - 2 scrolls of enchant weapon
Potions
 a - a potion of attraction
 c - a potion of might
 d - 5 potions of lignification
 e - 3 potions of heal wounds
 f - 3 potions of berserk rage
 g - 7 potions of curing
 n - 3 potions of mutation
 r - 5 potions of haste
 t - a potion of flight
 w - 2 potions of resistance
 z - 3 potions of cancellation
 E - a potion of ambrosia
 L - a potion of invisibility
 T - a potion of magic


   Skills:
 - Level 5.0 Fighting
 - Level 12.0 Maces & Flails
 - Level 5.0 Throwing
 - Level 2.4 Dodging
 + Level 9.9 Shields
 - Level 4.7 Unarmed Combat
 - Level 7.5 Invocations


You had 11 spell levels left.
You didn't know any spells.
Your spell library contained the following spells:

 Spells                   Type           Power      Damage    Failure   Level
 Apportation              Tloc           0%         N/A       77%         1
 Freeze                   Ice            0%         1d3       77%         1
 Necrotise                Necr           0%         1d4       77%         1
 Ensorcelled Hibernation  Hex/Ice        0%         N/A       88%         2
 Passwall                 Tmut/Erth      0%         N/A       88%         2
 Sublimation of Blood     Necr           0%         N/A       88%         2
 Wereblood                Tmut           0%         N/A       88%         2
 Frozen Ramparts          Ice            0%         1d1       98%         3
 Portal Projectile        Hex/Tloc       0%         N/A       98%         3
 Swiftness                Air            0%         N/A       98%         3
 Cause Fear               Hex            0%         N/A       100%        4
 Hailstorm                Conj/Ice       0%         3d3       100%        4
 Leda's Liquefaction      Hex/Erth       0%         N/A       100%        4
 Dragon Form              Tmut           0%         N/A       100%        7
 Summon Small Mammal      Summ           Unusable   N/A       N/A         1
 Call Canine Familiar     Summ           Unusable   N/A       N/A         3
 Summon Hydra             Summ           Unusable   N/A       N/A         7
 Dragon's Call            Summ           Unusable   N/A       N/A         9

Dungeon Overview and Level Annotations

Branches:
Dungeon (13/15)            Temple (1/1) D:5            Lair (0/5) D:11
    Orc (0/2) D:9          Bailey (visited)
 Vaults: D:13-14

Altars:
Ashenzari
Cheibriados
Dithmenos
Elyvilon
Fedhas
Gozag
Hepliaklqana
Kikubaaqudgha
Makhleb
Nemelex Xobeh
Okawaru
Qazlal
Ru
Sif Muna
Trog
Uskayaw
Vehumet
Wu Jian
Xom
Yredelemnul
Zin
The Shining One

Shops:
D:10 (:!   D:13 !

Annotations:
D:13 Snorg


Innate Abilities, Weirdness & Mutations

You are too large for most types of armour.
You have claws for hands.
Your natural rate of healing is unusually fast.
You are covered in fur. (AC +1)
You have tough skin. (AC +1)


Message History

Snorg shouts!
Press: ? - help, v - describe, . - travel
Here: Snorg The floor.
Unknown command.
Okay, then.
Unknown command.
The +11 eveningstar "Rean" {flame, rCorr} bursts into flame!
P - the +11 eveningstar "Rean" (weapon)
{flame, rCorr}
Okay, then.
Unknown command.
Snorg goes berserk!
You feel very mighty all of a sudden.
You block Snorg's attack. x2; Snorg claws you!
You bludgeon Snorg!! You burn Snorg.
Snorg is lightly wounded.
Snorg bites you!! You block Snorg's attack. Snorg claws you!!
You sock Snorg! You burn Snorg.
Snorg is moderately wounded.
Snorg bites you. You block Snorg's attack. Snorg claws you!
* * * LOW HITPOINT WARNING * * *
You block Snorg's attack. Snorg claws you but does no damage.
You block Snorg's attack.
You completely miss Snorg.
Snorg is moderately wounded.
You block Snorg's attack. Snorg claws you!
* * * LOW HITPOINT WARNING * * *
Snorg claws you but does no damage.
You sock Snorg! You burn Snorg!
Snorg is heavily wounded.
You block Snorg's attack. Snorg misses you. Snorg claws you!
* * * LOW HITPOINT WARNING * * *
Snorg closely misses you. Snorg claws you!
* * * LOW HITPOINT WARNING * * *
Snorg claws you!
* * * LOW HITPOINT WARNING * * *
You impale Snorg!! You burn Snorg!
Snorg is severely wounded.
You block Snorg's attack. Snorg claws you!
You die...

...#######...#
...# #...# #..#
#...## #..+ #....#
#..# #...∩# ##..#
#....######
#...#####
#.........#
#'##.....>.#
#..########
............###@.#
..............T..#
...>.............#
.......#######...#
....... #...#
....... #####
#######


You could see Snorg (berserk).

Vanquished Creatures
  Kirke (D:12)
  A blizzard demon (D:12)
  A hydra (D:11)
  A two-headed ogre (D:6)
  2 centaur warriors (D:13)
  3 death yaks (D:11)
  A fire crab (shapeshifter) (D:13)
  Pikel (D:9)
  An orc knight (Bailey)
  A deep elf pyromancer (Bailey)
  A cyclops (D:12)
  A manticore (D:11)
  Maurice (D:13)
  Psyche (D:9)
  A cane toad (D:10)
  An unseen horror (D:11)
  A freezing wraith (D:11)
  2 trolls
  A hornet (D:7)
  A slime creature (D:13)
  Prince Ribbit (D:9)
  2 vampires
  2 wraiths
  3 fire elementals (D:12)
  2 hogs (D:12)
  A wyvern (D:9)
  2 humans (D:12)
  3 steam dragons
  8 vampire mosquitoes
  A two-headed ogre zombie (D:9)
  A hell hound (D:12)
  Duvessa (D:4)
  A water moccasin (D:7)
  4 ice beasts
  12 orc warriors
  A black bear (D:7)
  2 ogres
  2 lemures (D:9)
  2 centaurs
  3 kobold brigands
  4 phantoms
  A bullfrog (D:8)
  3 scorpions
  3 gnoll sergeants
  2 necrophages (D:7)
  7 wights (D:9)
  Dowan (D:4)
  A killer bee (D:7)
  5 howler monkeys
  2 jellies
  7 hounds
  6 orc priests
  3 iguanas
  8 orc wizards
  A hell rat (D:11)
  7 ogre zombies (D:9)
  15 gnolls
  6 adders
  2 white imps
  An ufetubus (D:6)
  2 worms
  2 dart slugs (D:3)
  35 orcs
  3 endoplasms
  3 giant cockroaches
  5 goblins
  9 hobgoblins
  15 kobolds
  4 quokkas
  12 ball pythons
  5 bats
  5 frilled lizards
  3 goblin skeletons (D:9)
  4 hobgoblin skeletons (D:9)
  3 hobgoblin zombies (D:9)
  3 orc skeletons (D:9)
  12 orc zombies (D:9)
  4 rats
292 creatures vanquished.

Notes
Turn   | Place    | Note
-------+----------+-------------------------------------------
     0 | D:1      | cdecastro the Troll Fighter began the quest for the Orb.
     0 | D:1      | Reached XP level 1. HP: 22/22 MP: 0/0
    91 | D:1      | Reached XP level 2. HP: 29/29 MP: 1/1
   831 | D:2      | Reached XP level 3. HP: 23/36 MP: 2/2
  1305 | D:1      | Reached XP level 4. HP: 34/44 MP: 3/3
  1789 | D:3      | Identified the +10 whip of Distant Shores {vorpal, rElec
                  | rPois rC+ Int+2}
  1935 | D:3      | Reached skill level 1 in Maces & Flails
  2128 | D:3      | Reached XP level 5. HP: 50/50 MP: 4/4
  2132 | D:3      | Reached skill level 2 in Maces & Flails
  2472 | D:4      | Noticed an ogre
  2537 | D:4      | Noticed Duvessa
  2537 | D:4      | Noticed Dowan
  2543 | D:4      | Reached skill level 3 in Maces & Flails
  2553 | D:4      | Killed Duvessa
  2554 | D:4      | Reached skill level 4 in Maces & Flails
  2554 | D:4      | Reached XP level 6. HP: 41/59 MP: 5/5
  2646 | D:4      | Killed Dowan
  2691 | D:4      | Reached skill level 5 in Maces & Flails
  2799 | D:4      | Found a broken altar of Ashenzari.
  3111 | D:5      | Entered Level 5 of the Dungeon
  3116 | D:5      | Reached XP level 7. HP: 66/66 MP: 6/6
  3201 | D:5      | Reached skill level 6 in Maces & Flails
  3373 | D:5      | Identified the +0 mace of Evolution {drain, *Noise Fly
                  | rPois Stlth-}
  3452 | D:5      | Found a staircase to the Ecumenical Temple.
  3486 | Temple   | Entered the Ecumenical Temple
  3677 | Temple   | Became a worshipper of Warmaster Okawaru
  3960 | D:5      | Found a sacrificial altar of Ru.
  4004 | D:6      | Reached skill level 7 in Maces & Flails
  4048 | D:6      | Found a bloodstained altar of Trog.
  4048 | D:6      | Found an ornate altar of the Wu Jian Council.
  4048 | D:6      | Found a glowing golden altar of the Shining One.
  4069 | D:6      | Found an opulent altar of Gozag.
  4152 | D:6      | Noticed a steam dragon
  4163 | D:6      | Killed a steam dragon
  4164 | D:6      | Reached XP level 8. HP: 45/74 MP: 7/7
  4249 | D:6      | Noticed a two-headed ogre
  4270 | D:6      | Killed a two-headed ogre
  4270 | D:6      | Reached * piety under Okawaru
  4271 | D:6      | Reached skill level 9 in Maces & Flails
  4331 | D:6      | Reached ** piety under Okawaru
  4719 | D:7      | Reached skill level 10 in Maces & Flails
  4719 | D:7      | Reached XP level 9. HP: 72/80 MP: 8/8
  4996 | D:7      | Found a flagged portal.
  5005 | Bailey   | Entered a bailey
  5081 | Bailey   | Reached skill level 11 in Maces & Flails
  5178 | Bailey   | Reached *** piety under Okawaru
  5327 | Bailey   | Reached skill level 12 in Maces & Flails
  5342 | Bailey   | Noticed an orc knight
  5370 | Bailey   | Killed an orc knight
  5461 | Bailey   | Found a large runed translucent door.
  5461 | Bailey   | Found a large runed translucent door.
  5462 | Bailey   | Noticed a deep elf pyromancer
  5533 | Bailey   | Killed a deep elf pyromancer
  5534 | Bailey   | Reached XP level 10. HP: 92/92 MP: 10/10
  5753 | D:7      | Reached **** piety under Okawaru
  6139 | D:8      | Reached skill level 5 in Fighting
  6704 | D:8      | Found a snail-covered altar of Cheibriados.
  6943 | D:9      | Noticed Pikel
  7069 | D:9      | Killed Pikel
  7070 | D:9      | Reached skill level 5 in Invocations
  7291 | D:9      | Reached ***** piety under Okawaru
  7328 | D:9      | Noticed Prince Ribbit
  7337 | D:9      | Killed Prince Ribbit
  7528 | D:9      | Noticed Joseph
  7529 | D:9      | Noticed Joseph
  7529 | D:9      | Joseph changed into Joseph the jelly
  7535 | D:9      | Killed Joseph the jelly
  7734 | D:9      | Found a staircase to the Orcish Mines.
  7810 | D:9      | Noticed Psyche
  7867 | D:9      | Received a gift from Okawaru
  7929 | D:9      | Killed Psyche
  8051 | D:9      | Reached XP level 11. HP: 102/102 MP: 15/15
  8455 | D:10     | Entered Level 10 of the Dungeon
  8460 | D:10     | Noticed a two-headed ogre
  8552 | D:10     | a two-headed ogre changed into a cane toad
  8593 | D:10     | Found Qiofuhos's Distillery.
  8604 | D:10     | Reached skill level 5 in Shields
  8620 | D:10     | Bought a potion of haste for 130 gold pieces
  8620 | D:10     | Bought a potion of attraction for 39 gold pieces
  8620 | D:10     | Bought a potion of lignification for 39 gold pieces
  8620 | D:10     | Bought a potion of resistance for 130 gold pieces
  8620 | D:10     | Bought a potion of curing for 39 gold pieces
  8620 | D:10     | Bought a potion of might for 52 gold pieces
  8620 | D:10     | Bought a potion of curing for 39 gold pieces
  8620 | D:10     | Bought a potion of lignification for 39 gold pieces
  8860 | D:10     | Found Xioghik's Book Shop.
  8879 | D:10     | Reached skill level 1 in Throwing
  8985 | D:10     | Found Siov Lau's Weapon Shop.
  9315 | D:11     | Noticed a death yak
  9315 | D:11     | Noticed a death yak
  9318 | D:11     | Noticed a death yak
  9342 | D:11     | Killed a death yak
  9352 | D:11     | Killed a death yak
  9361 | D:11     | Killed a death yak
  9362 | D:11     | Reached skill level 5 in Throwing
  9549 | D:11     | Noticed a six-headed hydra
  9845 | D:11     | Identified the +1 ring mail of Mutsep {rPois rF+ rC- Int+8}
 10292 | D:11     | Killed a six-headed hydra
 10356 | D:11     | Found a staircase to the Lair.
 10490 | D:12     | Found a faded altar of an unknown god.
 10512 | D:12     | Noticed Kirke
 10529 | D:12     | Killed Kirke
 10529 | D:12     | Identified the +11 eveningstar "Rean" {flame, rCorr}
                  | (Okawaru gifted it to you on level 12 of the Dungeon)
 10529 | D:12     | Received a gift from Okawaru
 10987 | D:12     | Noticed Azrael
 11011 | D:12     | Noticed Azrael
 11011 | D:12     | Azrael changed into Azrael the blizzard demon
 11018 | D:12     | Killed Azrael the blizzard demon
 11022 | D:12     | Reached XP level 12. HP: 43/111 MP: 16/16
 11312 | D:13     | Noticed Maurice
 11342 | D:13     | Noticed a centaur warrior
 11353 | D:13     | HP: 2/111 [centaur warrior/arrow (4)]
 11422 | D:13     | Killed a centaur warrior
 11533 | D:13     | Noticed a centaur warrior
 11542 | D:13     | Killed a centaur warrior
 11557 | D:13     | Noticed Nessos
 11559 | D:13     | Noticed Nessos
 11559 | D:13     | Nessos changed into Nessos the glowing shapeshifter
 11575 | D:13     | Noticed Nessos
 11577 | D:13     | Noticed Nessos
 11577 | D:13     | Noticed Nessos
 11577 | D:13     | Nessos the wind drake changed into Nessos the hog
 11582 | D:13     | Noticed Nessos
 11582 | D:13     | Nessos the hog changed into Nessos the polar bear
 11585 | D:13     | Noticed Nessos
 11585 | D:13     | Nessos the polar bear changed into Nessos the fire crab
 11592 | D:13     | Killed Nessos the fire crab
 11690 | D:13     | Noticed a centaur warrior
 11757 | D:13     | Killed Maurice
 11811 | D:13     | Found Goliqeof's Distillery.
 11819 | D:13     | Bought 2 potions of mutation for 176 gold pieces
 11819 | D:13     | Bought a potion of might for 44 gold pieces
 11819 | D:13     | Bought a potion of mutation for 88 gold pieces
 11834 | D:13     | Noticed Snorg
 11854 | D:13     | Slain by Snorg

Illustrated notes

Levels and vault maps discovered:
D:1:      amcnicky_arrival_blooded_trapdoor, layout_loops_ring
D:2:      layout_basic
D:3:      layout_basic
D:4:      layout_cave_pools, ashenzari_altar_1, uniq_duvessa
D:5:      layout_loops_ring, nicolae_ru_path_of_blood, minmay_temple_entry_mist,
          moated_statue
D:6:      layout_basic, nicolae_overflow_crystal_walls,
          gammafunk_temple_overflow_claw
D:7:      layout_basic, enter_bailey_2, serial_corexii_hall,
          corexii_hall_statues_s, chequers_hall_statues_corner_a, st_stairs_3
D:8:      layout_cave_pools, mainiacjoe_overflow_alcove_1
D:9:      layout_basic, zombieorc2_lemuel, chequers_serial_rivers_room_a,
          uniq_prince_ribbit1, uniq_joseph, uniq_pikel, uniq_psyche
D:10:     layout_rooms, serial_shops,
          nicolae_shop_temple_entry_statues_fountains, shop,
          nicolae_shop_hallway_stairs
D:11:     layout_stronghold, dpeg_lair_monsters, evilmike_butchery
D:12:     layout_irregular_city, serial_column_ruins, column_ruins_hut,
          column_ruins_temple_hall, column_ruins_columns_straight,
          column_ruins_open_tiny, column_ruins_grid_1, column_ruins_open_medium,
          column_ruins_open_medium, column_ruins_grid_3, uniq_kirke, uniq_azrael
D:13:     layout_irregular_city, serial_shops, shop, uniq_snorg, uniq_maurice,
          uniq_nessos
Temple:   nicolae_temple_bog_church

Skill      XL: |  1  2  3  4  5  6  7  8  9 10 11 12 |
---------------+-------------------------------------+-----
Unarmed Combat | 3 4 |  4.7
Maces & Flails | 1 4 5 7 10 12 | 12.0
Invocations    | 2 7 |  7.5
Fighting       | 4 5 |  5.0
Shields        | 4 8 9 |  9.9
Throwing       | 5 |  5.0
Dodging        | |  2.4

Action                   |  1- 3 |  4- 6 |  7- 9 | 10-12 || total
-------------------------+-------+-------+-------+-------++-------
Melee: Unarmed           |    94 |    12 |       |       ||   106
       Punch             |     1 |     4 |     3 |    18 ||    26
       Whip              |       |    73 |   151 |   515 ||   739
       Eveningstar       |       |       |       |    20 ||    20
Throw: Dart              |       |       |     5 |     9 ||    14
       Boomerang         |       |       |       |     8 ||     8
Invok: Heroism           |       |       |     1 |     1 ||     2
Evoke: Wand              |       |       |     5 |     6 ||    11
  Use: Potion            |       |     1 |       |     3 ||     4
       Scroll            |       |       |       |    14 ||    14
 Stab: Invisible         |       |       |       |     3 ||     3
Armor: Robe              |    19 |    24 |     5 |       ||    48
       Steam dragon scal |       |       |    27 |    74 ||   101
       Troll leather arm |       |       |       |    45 ||    45
Dodge: Dodged            |    42 |    45 |    56 |   185 ||   328
Block: Kite shield       |       |       |       |    76 ||    76
